 Dungeon Crawl Stone Soup version 0.30.0-15-g856e2d3f33 (webtiles) character file.

Game seed: 6937477660024526445

7870 PlovVkusni the Cleaver (level 11, -6/86 (88) HPs)
             Began as a Demonspawn Berserker on May 19, 2023.
             Was an Elder of Trog.
             Mangled by an orc warrior
             ... wielding a +0 dire flail of protection
             ... led by an orc warlord
              (14 damage)
             ... on level 1 of the Orcish Mines.
             The game lasted 01:25:22 (8477 turns).

PlovVkusni the Cleaver (Demonspawn Berserker)       Turns: 8477, Time: 01:25:23

HP:   -6/86 (88)    AC: 19    Str: 21    XL:     11   Next: 2%
MP:   11/11         EV:  7    Int: 10    God:    Trog [****..]
Gold: 624           SH:  0    Dex: 12    Spells: 10/10 levels left

rFire   x . .        E - +0 battleaxe (elec)
rCold   + . .        (shield currently unavailable)
rNeg    . . .        k - +0 plate armour
rPois   .            (helmet restricted)
rElec   .            (no cloak)
rCorr   .            L - +2 pair of gloves
SInv    .            t - +0 pair of boots
Will    .....        l - amulet of reflection Stlth
                     o - ring of ice
HPRegen 0.34/turn    (no ring)
MPRegen 0.12/turn

%: reflection
@: confused, ambrosia-drunk, on berserk cooldown, slowed, studying
Translocations, lightly drained, very slow
A: horns 1, rugged brown scales 2, demonic guardian 1, icemail 2, condensation
shield
a: Renounce Religion, Berserk, Trog's Hand, Brothers in Arms


You were on level 1 of the Orcish Mines.
You worshipped Trog.
Trog was greatly pleased with you.
You visited 3 branches of the dungeon, and saw 11 of its levels.
You also visited: Sewer.

You collected 624 gold pieces.

Inventory:

Hand Weapons
 v - a +0 whip
 C - a +1 spectral quarterstaff
 D - a +1 sling of draining
 E - a +0 battleaxe of electrocution (weapon)
 I - a +0 shortbow
Missiles
 e - 48 stones
 w - 6 poisoned darts
 B - 4 javelins
 G - 12 boomerangs
Armour
 h - a +0 chain mail
 k - a +0 plate armour (worn)
 t - a +0 pair of boots (worn)
 L - a +2 pair of gloves (worn)
Jewellery
 l - an amulet of reflection (around neck)
 m - an amulet of regeneration
 o - a ring of ice (left hand)
 x - an amulet of the acrobat
Wands
 d - a wand of charming (17)
 r - a wand of iceblast (4)
 H - a wand of polymorph (3)
Scrolls
 a - a scroll of identify
 f - 4 scrolls of blinking
 g - 3 scrolls of fear
 p - a scroll of immolation {unknown}
 q - a scroll of noise
 u - a scroll of teleportation {unknown}
 y - a scroll of enchant armour {unknown}
 F - a scroll of magic mapping {unknown}
 K - a scroll of brand weapon
Potions
 c - 3 potions of lignification (quivered)
 i - a potion of degeneration {unknown}
 j - 5 potions of invisibility
 s - a potion of mutation {unknown}
 z - a potion of brilliance
 A - a potion of resistance
 J - a potion of haste {unknown}


   Skills:
 + Level 7.3 Fighting
 + Level 11.3 Axes
 + Level 0.4 Ranged Weapons
 + Level 0.7 Throwing
 + Level 7.0 Armour
 + Level 2.5 Dodging
 + Level 0.3 Stealth
 + Level 5.8 Shields


You had 10 spell levels left.
You didn't know any spells.
Your spell library contained the following spells:

 Spells                   Type           Power      Damage    Failure   Level
 Sting                    Tmut/Pois      0%         1d3       100%        1
 Poisonous Vapours        Pois/Air       0%         N/A       100%        2
 Vhi's Electric Charge    Tloc/Air       0%         N/A       100%        3
 Olgreb's Toxic Radiance  Pois           0%         N/A       100%        4
 Arcjolt                  Conj/Air       0%         1d10      100%        5
 Maxwell's Capacitive Co  Air            0%         ∞         100%        8


Dungeon Overview and Level Annotations

Branches:
Dungeon (9/15)             Temple (1/1) D:6             Orc (1/2) D:9
  Sewer (visited)
   Lair: D:8-11

Altars:
Dithmenos
Fedhas
Gozag
Hepliaklqana
Kikubaaqudgha
Makhleb
Nemelex Xobeh
Okawaru
Qazlal
Ru
Sif Muna
Trog
Vehumet
Wu Jian
Xom
Yredelemnul

Shops:
D:5 *


Innate Abilities, Weirdness & Mutations

You have a pair of small horns on your head.
You are mostly covered in rugged brown scales. (AC +2, +5% HP)
A weak demonic guardian rushes to your aid.
A meltable icy envelope protects you from harm. (AC +0)
A meltable shield of frost defends you. (SH +0)


Message History

You feel invigorated.
You are engulfed in a cloud of scalding steam.
* * * LOW HITPOINT WARNING * * *
The orc no longer looks unusually strong.
The orc warrior no longer looks unusually strong.
The orc warrior seems to regain its courage.
The orc no longer looks unusually strong.
The orc sorcerer no longer looks unusually strong.
The orc warrior no longer looks unusually strong.
The orc warrior hits you with a +0 dire flail of protection.
* * * LOW HITPOINT WARNING * * *
The orc sorcerer is engulfed in a cloud of scalding steam.
The orc sorcerer mumbles some strange words.
An orc comes into view. It is wielding a +0 falchion.
The orc warrior is engulfed in a cloud of scalding steam.
The orc hits you with a +0 flail.
* * * LOW HITPOINT WARNING * * *
The orc hits you but does no damage.
The smoke demon hits you but does no damage. x3
The orc high priest mumbles some strange prayers.
An orc comes into view. It is wielding a +0 club.
The orc completely misses you. The orc hits you but does no damage.
The orc warrior is engulfed in a cloud of scalding steam.
The orc sorcerer is engulfed in a cloud of scalding steam.
The orc sorcerer gestures at you while chanting.
You resist with significant effort.
The orc warrior unwields a +0 mace.
The orc warrior wields a +2 arbalest of freezing.
It is covered in frost.
The orc warrior shoots a bolt.
The bolt hits you!
* * * LOW HITPOINT WARNING * * *
The bolt freezes you.
* * * LOW HITPOINT WARNING * * *
You're too confused to move!
You are engulfed in a cloud of scalding steam.
The orc warrior no longer looks unusually strong.
The smoke demon hits you.
* * * LOW HITPOINT WARNING * * *
A demonic guardian appears!
The smoke demon barely misses you.
The smoke demon hits you but does no damage.
The orc warrior hits you with a +0 dire flail of protection!
You die...

. .## #. $.# .
##.# ### ..##..
#.§§# ##.##.#....
.....# ..........
.....)###.........
#...o#).).......
##...#5.)o.......
#....4o@o...$.#..
#.....oo)3........
#..$...ooo........
##.....oo)o.......
#......o4o.......
##.##..o...$#.##.
## ##..O.o.###
#...o.##


You could see an orc warlord, an orc knight (strong), an orc high priest, a
hellwing (summoned), a rust devil (summoned), a smoke demon (summoned), an orc
sorcerer, 7 orc warriors, an ogre, 6 orcs and a friendly quasit (summoned).

Vanquished Creatures
  Gastronok (D:8)
  Joseph (D:8)
  Eustachio (D:5)
  A wyvern (D:8)
  A human (D:7)
  6 yaks (D:7)
  2 hogs (D:7)
  A steam dragon (D:8)
  Menkaure (D:5)
  2 wargs (Orc:1)
  A water moccasin (D:7)
  5 orc warriors
  An ice beast (D:7)
  A black bear (D:6)
  2 sky beasts
  3 centaurs
  3 phantoms
  2 kobold brigands (D:8)
  7 bullfrogs
  A wyvern zombie (D:8)
  3 necrophages (D:8)
  A scorpion (D:6)
  A gnoll sergeant (D:6)
  5 wights (D:8)
  3 killer bees (D:7)
  12 howler monkeys
  2 centaur zombies (D:8)
  5 orc priests
  A human zombie (D:8)
  4 hounds
  3 iguanas
  Natasha (thrice) (D:2)
  4 orc wizards
  3 mummies (D:8)
  2 howler monkey zombies (D:8)
  8 gnolls
  19 adders
  A white imp (D:5)
  A worm (D:5)
  4 dart slugs
  41 orcs
  17 ball pythons
  12 endoplasms
  10 giant cockroaches
  3 hobgoblins (D:1)
  4 jackals (D:2)
  14 quokkas
  7 bats
  8 frilled lizards
  6 goblins
  20 kobolds
  6 rats
276 creatures vanquished.

Vanquished Creatures (collateral kills)
  A yak (D:7)
  An orc (D:7)
2 creatures vanquished.

Vanquished Creatures (others)
  Maurice (D:8)
  2 orcs (Orc:1)
3 creatures vanquished.

Grand Total: 281 creatures vanquished

Notes
Turn   | Place    | Note
-------+----------+-------------------------------------------
     0 | D:1      | PlovVkusni the Demonspawn Berserker began the quest for the
                  | Orb.
     0 | D:1      | Reached XP level 1. HP: 18/18 MP: 1/1
   227 | D:1      | Gained mutation: You have a pair of small horns on your
                  | head. [demonic ancestry]
   227 | D:1      | Reached XP level 2. HP: 23/24 MP: 2/2
   233 | D:1      | Reached skill level 3 in Axes
   606 | D:1      | Found a faded altar of an unknown god.
   606 | D:1      | Noticed an Ice Fiend
   773 | D:1      | Gained mutation: A meltable shield of frost defends you.
                  | (SH +0) [demonic ancestry]
   773 | D:1      | Reached XP level 3. HP: 23/29 MP: 3/3
  1087 | D:2      | Reached ** piety under Trog
  1099 | D:2      | Reached XP level 4. HP: 35/35 MP: 4/4
  1230 | D:2      | Noticed Natasha
  1237 | D:2      | Killed Natasha
  1329 | D:2      | Noticed Natasha
  1341 | D:2      | Killed Natasha
  1342 | D:2      | Reached XP level 5. HP: 37/41 MP: 5/5
  1534 | D:2      | Noticed Natasha
  1545 | D:2      | Killed Natasha
  1706 | D:3      | Reached skill level 1 in Shields
  2308 | D:3      | Reached skill level 4 in Axes
  2435 | D:4      | Noticed a phantom
  2448 | D:4      | Killed a phantom
  2449 | D:4      | Gained mutation: A meltable icy envelope protects you from
                  | harm. (AC +0) [demonic ancestry]
  2449 | D:4      | Reached XP level 6. HP: 45/48 MP: 6/6
  3542 | D:5      | Entered Level 5 of the Dungeon
  3717 | D:5      | Reached skill level 5 in Axes
  3782 | D:5      | Reached XP level 7. HP: 54/54 MP: 7/7
  3795 | D:5      | Noticed Menkaure
  3809 | D:5      | Killed Menkaure
  3809 | D:5      | Reached *** piety under Trog
  3833 | D:5      | Found Plog's Assorted Antiques.
  3883 | D:5      | Noticed Eustachio
  3898 | D:5      | Killed Eustachio
  3902 | D:5      | Reached skill level 6 in Axes
  4218 | D:5      | Found a glowing drain.
  4222 | Sewer    | Entered a sewer
  4308 | Sewer    | Gained mutation: A meltable icy envelope protects you from
                  | harm. (AC +0) [demonic ancestry]
  4308 | Sewer    | Reached XP level 8. HP: 61/61 MP: 8/8
  4383 | Sewer    | Reached **** piety under Trog
  4509 | Sewer    | Reached skill level 5 in Fighting
  5241 | D:6      | Reached skill level 7 in Axes
  5317 | D:6      | Reached skill level 5 in Armour
  5523 | D:6      | Found a staircase to the Ecumenical Temple.
  5533 | Temple   | Entered the Ecumenical Temple
  5724 | D:6      | Gained mutation: A weak demonic guardian rushes to your
                  | aid. [demonic ancestry]
  5724 | D:6      | Reached XP level 9. HP: 49/68 MP: 9/9
  6087 | D:7      | Reached skill level 8 in Axes
  6409 | D:7      | Found a basalt altar of Yredelemnul.
  6618 | D:7      | Was placed under penance by Trog
  6620 | D:7      | Learned a level 1 spell: Sting
  6698 | Temple   | Identified a scroll of acquirement
  6698 | Temple   | Acquired a +0 battleaxe of electrocution
  6884 | D:7      | Reached skill level 9 in Axes
  6884 | D:7      | Gained mutation: You are partially covered in rugged brown
                  | scales. (AC +1, +3% HP) [demonic ancestry]
  6884 | D:7      | Reached XP level 10. HP: 64/79 MP: 10/10
  7378 | D:8      | Reached skill level 5 in Shields
  7391 | D:8      | Noticed Gastronok
  7420 | D:8      | Killed Gastronok
  7421 | D:8      | Reached skill level 10 in Axes
  7640 | D:8      | Noticed Joseph
  7643 | D:8      | Noticed Maurice
  7653 | D:8      | Killed Maurice
  7654 | D:8      | Killed Joseph
  7886 | D:8      | Found a sacrificial altar of Ru.
  8213 | D:8      | Reached skill level 11 in Axes
  8214 | D:8      | Was forgiven by Trog
  8231 | D:8      | Found an ancient bone altar of Kikubaaqudgha.
  8414 | D:9      | Found a staircase to the Orcish Mines.
  8449 | Orc:1    | Entered Level 1 of the Orcish Mines
  8449 | Orc:1    | Noticed an orc knight
  8458 | Orc:1    | Noticed an orc warlord
  8465 | Orc:1    | Gained mutation: You are mostly covered in rugged brown
                  | scales. (AC +2, +5% HP) [demonic ancestry]
  8465 | Orc:1    | Reached XP level 11. HP: 88/88 MP: 11/11
  8469 | Orc:1    | Noticed an orc sorcerer
  8473 | Orc:1    | Noticed an orc high priest
  8476 | Orc:1    | HP: 4/86 [orc warrior/bolt[an orc warlord] (1)]
  8477 | Orc:1    | Mangled by an orc warrior

Illustrated notes

Levels and vault maps discovered:
D:1:      wander_arrival_abandoned_jail, layout_rooms,
          dreamdust_ecumenical_altar_sealed_demon
D:2:      layout_loops_ring, serial_glass, glass_columns_b, glass_columns_b,
          feat_on_display, item_on_display_a, uniq_natasha
D:3:      layout_loops_ring, kennysheep_decorative_pillar, kennysheep_potato
D:4:      layout_loops_corners, kennysheep_generic_room_4
D:5:      layout_layer_cave, gup_sewer_entry_spiral, serial_shops,
          nicolae_shop_tiny_waterfront, uniq_menkaure, uniq_eustachio
D:6:      layout_cave_pools, minmay_temple_entry_sparse_star, minmay_manual_mess
D:7:      layout_cave_pools, mainiacjoe_overflow_cross_hatched, grunt_livestock
D:8:      layout_rooms, lemuel_mausoleum_altar_kikubaaqudgha,
          hangedman_ru_absence, uniq_gastronok, uniq_maurice, uniq_joseph
D:9:      layout_small_grid, serial_bayou_crossing, uniq_prince_ribbit1
Temple:   nicolae_temple_bog_church
Orc:1:    layout_caves, serial_shops, shop, uniq_nergalle, uniq_josephine

Skill      XL: |  1  2  3  4  5  6  7  8  9 10 |
---------------+-------------------------------+-----
Axes           | 3 4 5 6 7 9 11 | 11.3
Dodging        | 2 |  2.5
Armour         | 2 3 4 5 6 7 |  7.0
Shields        | 1 2 3 4 5 |  5.8
Fighting       | 4 5 6 7 |  7.3
Ranged Weapons | |  0.4
Throwing       | |  0.7
Stealth        | |  0.3

Action                     |  1- 3 |  4- 6 |  7- 9 | 10-12 || total
---------------------------+-------+-------+-------+-------++-------
  Melee: Hand axe          |   107 |    60 |       |       ||   167
         Headbutt          |     7 |    23 |    68 |    26 ||   124
         War axe           |       |    96 |   322 |       ||   418
         Punch             |       |     1 |     3 |       ||     4
         Battleaxe         |       |       |    14 |   142 ||   156
   Fire: Sling             |       |     3 |       |       ||     3
  Throw: Javelin           |       |       |    11 |     4 ||    15
 Invoke: Berserk           |     2 |     3 |     5 |     1 ||    11
    Use: Scroll            |     4 |     3 |     2 |     4 ||    13
         Potion            |     1 |     2 |     5 |     6 ||    14
 Armour: Animal skin       |     5 |       |       |       ||     5
         Ring mail         |    26 |       |       |       ||    26
         Plate armour      |    34 |   104 |   292 |   105 ||   535
  Dodge: Dodged            |    72 |    40 |   100 |    47 ||   259
  Block: Other             |    23 |    73 |   209 |    83 ||   388
         Reflection        |       |     1 |     3 |     5 ||     9
